 Dungeon Crawl Stone Soup version 0.30-a0-339-g89bb51ec76 (webtiles) character file.

Game seed: 11645355430187927315

7 LnG the Caller (level 2, -1/15 HPs)
             Began as a Kobold Summoner on Oct 31, 2022.
             Slain by a kobold
             ... wielding a +0 dagger
              (2 damage)
             ... on level 1 of the Dungeon.
             The game lasted 00:00:37 (144 turns).

LnG the Caller (Kobold Summoner)                     Turns: 144, Time: 00:00:37

Health: -1/15      AC:  2    Str:  5    XL:     2   Next: 5%
Magic:  2/5        EV: 15    Int: 16    God:
Gold:   33         SH:  0    Dex: 15    Spells: 4/5 levels left

rFire   . . .      SeeInvis .    (weapon restricted)
rCold   . . .      Faith    .    (no shield)
rNeg    . . .      Spirit   .    a - +0 robe
rPois   .          Reflect  .    (no helmet)
rElec   .          Harm     .    (no cloak)
rCorr   .          Rampage  .    (no gloves)
Will    .....                    (no boots)
Stlth   +++.......               (no amulet)
HPRegen 0.22/turn                (no ring)
MPRegen 0.09/turn                (no ring)

@: no status effects
A: small, no large weapons, nightstalker 3
a: no special abilities


You were on level 1 of the Dungeon.
You visited 1 branch of the dungeon, and saw 1 of its levels.

You collected 33 gold pieces.

Inventory:

Armour
 a - a +0 robe (worn)
Potions
 b - a potion of magic
 c - a potion of flight {unknown}


   Skills:
 + Level 2.4 Dodging
 + Level 2.8 Stealth
 + Level 2.2 Spellcasting
 + Level 4.2 Summonings


You had 4 spell levels left.
You knew the following spells:

 Your Spells              Type           Power      Damage    Failure   Level
a - Summon Small Mammal   Summ           60%        N/A       3%          1

Your spell library contained the following spells:

 Spells                   Type           Power      Damage    Failure   Level
 Call Imp                 Summ           15%        N/A       5%          2
 Call Canine Familiar     Summ           15%        N/A       11%         3
 Summon Guardian Golem    Hex/Summ       8%         N/A       26%         3
 Summon Lightning Spire   Summ/Air       8%         N/A       63%         4


Dungeon Overview and Level Annotations

Branches:
Dungeon (1/15)

Altars:


Innate Abilities, Weirdness & Mutations

You are small and have problems with some larger weapons.
You are completely attuned to the shadows.


Message History

Your bat hits the endoplasm but does no damage.
The endoplasm completely misses you. The kobold hits you but does no damage.
You hit the endoplasm.
The endoplasm is moderately wounded.
Your bat hits the endoplasm. The kobold closely misses you.
The endoplasm barely misses you. The goblin closely misses you.
Your rat bites the endoplasm.
You hit the endoplasm but do no damage.
The endoplasm is heavily wounded.
Your bat barely misses the endoplasm.
The endoplasm hits you.
* * * LOW HITPOINT WARNING * * *
The kobold closely misses you. The goblin hits you with a +0 club.
* * * LOW HITPOINT WARNING * * *
A jackal comes into view.
Your rat bites the endoplasm.
The endoplasm dies!
You have reached level 2!
The kobold attacks as you move away! The kobold hits you with a +0 dagger.
* * * LOW HITPOINT WARNING * * *
The goblin attacks as you move away! The goblin hits you but does no damage.
Your bat hits the kobold but does no damage.
Your rat barely misses the jackal.
The goblin attacks as you move away! The goblin hits you with a +0 club.
* * * LOW HITPOINT WARNING * * *
Your bat hits the kobold but does no damage.
Something bites your rat.
Your rat dies!
Your rat's corpse disappears in a puff of smoke!
The goblin attacks as you move away! The goblin misses you.
Your bat hits the goblin. You hit the goblin.
You kill the goblin!
Your bat hits the kobold but does no damage.
The kobold hits you with a +0 dagger.
* * * LOW HITPOINT WARNING * * *
The goblin barely misses you.
Casting: Summon Small Mammal (safe; 3% risk of failure)
Confirm with . or Enter, or press ? or * to list all spells.
Your bat barely misses the kobold.
The kobold hits you with a +0 dagger.
You die...

##......# ######
#.......# #.....
####.......# #.....
#.#..........# #.....
#.#.#......(.####.....
#.....................
.............†####.....
.......r.####### #.....
......g@.# #.....
#..†..bK.# ......
.....h$..# #.....
.#.......# ......#
........?.# #......#
..§.......# ~~≈≈≈≈~~
..#....... 8~~≈§~~8
..#.##### ~8~~~~8~
§~#''#~~


You could see a jackal, a goblin (ally target), a kobold (ally target), a
friendly bat (summoned) and a friendly rat (summoned).

Vanquished Creatures
  A ball python (D:1)
  A goblin (D:1)
2 creatures vanquished.

Vanquished Creatures (collateral kills)
  An endoplasm (D:1)
  A giant cockroach (D:1)
  A quokka (D:1)
  A rat (D:1)
4 creatures vanquished.

Grand Total: 6 creatures vanquished

Notes
Turn   | Place    | Note
-------+----------+-------------------------------------------
     0 | D:1      | LnG the Kobold Summoner began the quest for the Orb.
     0 | D:1      | Reached XP level 1. HP: 10/10 MP: 3/3
   140 | D:1      | Reached XP level 2. HP: 4/15 MP: 3/5
   144 | D:1      | Slain by a kobold

Illustrated notes

Levels and vault maps discovered:
D:1:      lightli_arrival_boilingwater, layout_rooms, serial_shops,
          shop_fountains, minmay_misc_feat_hallway, nicolae_figureground_sparkle

Action                   || total
-------------------------++-------
Melee: Unarmed           ||    10
 Cast: Summon Small Mamm ||     9
 Stab: Sleeping          ||     1
Armor: Robe              ||     4
Dodge: Dodged            ||    13

Table legend: (Time is in decaauts)
 A = Elapsed time spent in this place.
 B = Non-inter-level travel time spent in this place.
 C = Inter-level travel time spent in this place.
 D = Time resting spent in this place.
 E = Time spent auto-exploring this place.
 F = Levels seen in this place.
 G = Mean time per level.
                   A        B        C        D        E       F      G
               +--------+--------+--------+--------+--------+-----+--------+
         Total |    145 |    145 |      0 |      0 |     96 |   1 |  145.0 |
       Dungeon |    145 |    145 |      0 |      0 |     96 |   1 |  145.0 |
               +--------+--------+--------+--------+--------+-----+--------+

Top non-repeatable levels by time:
     D:1: 145 daAuts
